Cogmind - Beta 12 @@@ ROGUE MODE // 2023.10.29 @ 22:20:45 Player: Shin Result: Destroyed by G-47 Trooper with Particle Gun Performance ------------- Evolutions (3) 1500 Regions Visited (8) 1600 Robots Destroyed (114) 570 Value Destroyed (3408) 3408 Prototype IDs (12) 240 Alien Tech Used (0) 0 Bonus (13) 13 TOTAL SCORE: 7331 Bonus ------- High Alert Combat Kills 13 Cogmind --------- Core Integrity 0/700 Matter 293/300 Energy 236/300 System Corruption 17% Temperature Cool (9) Movement Core (100) Ox1 Location -7/Lower Caves Parts ------- > --- POWER (1) -------- (None) > --- PROPULSION (4) --- (None) > --- UTILITY (6) ------ Compact Battery Trap Scanner > --- WEAPON (2) ------- Katana > --- INVENTORY (5) ---- Coolant Injector Transmission Jammer Hardlight Generator Dynamic Insulation System Missile Launcher Peak State ------------ > --- POWER ------------ Improved Deuterium Engine > --- PROPULSION ------- Improved VTOL Module Improved VTOL Module Improved VTOL Module Improved VTOL Module > --- UTILITY ---------- Large Storage Unit Melee Analysis Suite Hacking Suite Hacking Suite Hacking Suite Drone Bay > --- WEAPON ----------- Heavy Particle Gun Katana > --- INVENTORY -------- Light Nuclear Core Advanced Treads Wheel Improved Heat Sink Coolant Injector Microactuators Transmission Jammer Reflective Plating Hardlight Generator Improved Trap Extractor Advanced Beam Rifle Enhanced Autogun Gauss Rifle Gauss Rifle Missile Launcher [Rating: 50] Favorites ----------- Power Light Nuclear Core Engine Ion Engine Power Core Light Nuclear Core Propulsion Aluminum Leg Treads Advanced Treads Leg Aluminum Leg Wheel Wheel Flight Unit Improved VTOL Module Utility Large Storage Unit Device Improved Heat Sink Storage Large Storage Unit Processor Melee Analysis Suite Hackware Hacking Suite Protection Light Armor Plating Weapon Katana Energy Gun Heavy Particle Gun Energy Cannon Light EM Pulse Cannon Ballistic Gun Gauss Rifle Launcher Grenade Launcher Slashing Weapon Katana Build | -11 -10 -10 -9 -9 -8 -8 -7 -7 ------- Run | Jun Mat Min Mat Min Mat Sto Fac Low Slots Evolved 6 | . . . 2 . 2 . 2 . Power . | . . . . . . . . . Propulsion 2 | . . . . . . . 2 . Utility 4 | . . . 2 . 2 . . . Weapon . | . . . . . . . . . Parts Attached 139 | . 8 2 26 1 37 39 13 13 Power 13 | . . . 3 1 4 3 2 . Engine 7 | . . . 2 1 2 1 1 . Core 6 | . . . 1 . 2 2 1 . Reactor . | . . . . . . . . . Propulsion 32 | . 1 . 9 . 6 11 4 1 Treads 2 | . . . . . . 2 . . Leg 15 | . 1 . 8 . 5 1 . . Wheel 8 | . . . 1 . 1 5 . 1 Hover . | . . . . . . . . . Flight 7 | . . . . . . 3 4 . Utility 46 | . 2 . 10 . 12 9 7 6 Device 21 | . 1 . 2 . 6 7 2 3 Storage 3 | . 1 . . . 1 . . 1 Processor 6 | . . . 2 . 3 1 . . Hackware 3 | . . . . . . . 3 . Protection 13 | . . . 6 . 2 1 2 2 Artifact . | . . . . . . . . . Weapon 48 | . 5 2 4 . 15 16 . 6 Energy Gun 5 | . 2 . 1 . . 1 . 1 Energy Cannon 8 | . 2 . . . 3 3 . . Ballistic Gun 12 | . 1 1 . . 3 5 . 2 Ballistic Cannon . | . . . . . . . . . Launcher 4 | . . 1 . . 2 . . 1 Special Weapon . | . . . . . . . . . Impact Weapon . | . . . . . . . . . Slashing Weapon 19 | . . . 3 . 7 7 . 2 Piercing Weapon . | . . . . . . . . . Special Melee Weapon . | . . . . . . . . . Unidentified Prototypes 3 | . . . . . . 3 . . Parts Lost 39 | . 1 1 8 . 7 5 . 17 Power 3 | . . 1 1 . . . . 1 Propulsion 14 | . 1 . 2 . 3 3 . 5 Utility 17 | . . . 4 . 4 1 . 8 Weapon 5 | . . . 1 . . 1 . 3 Highest Loss Streak 10 | . 1 1 5 . 3 3 . 10 To Critical Strikes . | . . . . . . . . . Average Slot Usage (%) 96 | . 92 100 98 100 99 98 98 47 Engine 8 | . 14 14 9 11 6 5 4 . Core 1 | . . . 1 . 2 3 2 2 Treads 1 | . . . . . . 9 . . Leg 15 | . 24 28 21 22 17 3 . . Flight 2 | . . . . . . . 30 12 Device 13 | . 10 14 10 11 20 17 4 6 Storage 10 | . 14 14 11 11 9 9 7 5 Processor 9 | . . . 2 . 15 25 7 1 Hackware 1 | . . . . . . . 21 4 Protection 8 | . . . 18 22 8 1 2 1 Energy Gun 3 | . 7 14 5 . . 4 7 2 Energy Cannon 2 | . 12 . . . 3 1 . . Ballistic Gun 3 | . 8 11 . . 4 4 . 2 Slashing Weapon 9 | . . . 16 22 10 6 7 4 Naked Turns . | . . . . . . . . . Heaviest Build 47 | 13 34 31 40 43 47 43 41 42 Greatest Support 45 | 20 20 20 26 26 32 45 20 28 Greatest Overweight (x) 13 | . 2 1 3 1 3 13 2 9 Average Overweight (x) 1 | . . 1 1 1 1 1 1 . Largest Inventory Capacity 15 | . 15 15 15 15 15 15 15 15 Average Capacity 14 | . 12 15 15 15 15 15 15 11 Most Carried 15 | . 15 14 15 15 15 15 15 15 Average Carried 13 | . 10 14 14 14 14 14 14 9 Final Capacity 15 | 8 15 15 15 15 15 15 15 5 Final Carried 15 | 6 14 14 15 15 14 15 15 5 Class Distribution -------------------- 62% | Scavenger-Mutant 31% | Mutant 6% | Hacker-Mutant Dominant Class ---------------- Mutant | -10/Materials Mutant | -10/Mines Scavenger-Mutant | -9/Materials Scavenger-Mutant | -9/Mines Scavenger-Mutant | -8/Materials Scavenger-Mutant | -8/Storage Hacker-Mutant | -7/Factory Mutant | -7/Lower Caves Resources | -11 -10 -10 -9 -9 -8 -8 -7 -7 ----------- Run | Jun Mat Min Mat Min Mat Sto Fac Low Matter Collected 2022 | 200 131 20 275 34 519 540 140 163 Remotely . | . . . . . . . . . Salvage Created 4560 | . 381 15 1372 404 657 1244 200 287 Parts 253 | . 29 . 71 25 38 70 11 9 Haulers Intercepted 3 | . . . 2 . . 1 . . Recyclers Shooed 2 | . . . . . . 1 1 . Parts Field Recycled . | . . . . . . . . . Retrieved Matter . | . . . . . . . . . Parts Self-Destructed 21 | . . . . . . . . 21 Prevented 4 | . . . . . . . . 4 Kills | -11 -10 -10 -9 -9 -8 -8 -7 -7 ------- Run | Jun Mat Min Mat Min Mat Sto Fac Low Combat Hostiles Destroyed 90 | . 12 1 21 10 15 21 4 6 Melee 54 | . . . 19 10 7 10 4 4 Guns 23 | . 6 1 2 . 2 10 . 2 Cannons 8 | . 5 . . . 2 1 . . AOE 5 | . 1 . . . 4 . . . Classes Destroyed 15 | . 4 1 6 1 2 . 1 . Worker 6 | . . . 2 2 1 1 . . Builder 2 | . . . 1 . . 1 . . Hauler 3 | . . . 2 . . 1 . . Recycler 8 | . . . 4 1 . 3 . . Mechanic 1 | . . . . . 1 . . . Operator 2 | . 1 . . . . 1 . . Watcher 3 | . 1 . . . 1 1 . . Swarmer 21 | . 6 . . 4 3 6 . 2 Grunt 47 | . 6 . 15 5 5 11 3 2 Brawler 2 | . . . . 1 1 . . . Duelist 4 | . . . 2 . . 1 . 1 Sentry 12 | . . . 4 . 4 3 . 1 Hunter 2 | . . . . . 2 . . . Programmer 1 | . . . . . . . 1 . Assembled 1 | . . 1 . . . . . . Best Kill Streak 8 | . 3 1 8 4 5 4 2 3 Combat Bots Only 4 | . 3 1 4 3 3 3 2 3 Max Kills in Single Turn 2 | . 1 1 1 1 2 1 1 1 Gunslinging . | . . . . . . . . . Exploded 2 | . 1 . . . 2 . . . Melee 1 | . . . 1 1 1 1 1 1 Uniques/NPCs Destroyed . | . . . . . . . . . Combat | -11 -10 -10 -9 -9 -8 -8 -7 -7 -------- Run | Jun Mat Min Mat Min Mat Sto Fac Low Damage Taken 6496 | . 362 161 1228 322 953 1170 151 2149 Core 1605 | . 61 15 344 44 169 260 29 683 Absorbed by Shields . | . . . . . . . . . Regen/Repaired (Parts) 182 | . . . . . 59 123 . . Core Remaining (%) 48 | 100 . 69 . 3 . 22 . . Volleys Fired 156 | . 33 3 9 . 49 56 1 5 Largest 2 | . 2 2 2 . 2 2 1 2 Hottest 112 | . 112 70 100 . 93 88 55 83 Shots Fired 267 | . 65 5 18 . 70 99 1 9 Gun 194 | . 42 4 18 . 41 79 1 9 Cannon 68 | . 23 . . . 25 20 . . Launcher 5 | . . 1 . . 4 . . . Special . | . . . . . . . . . Kinetic 128 | . 22 2 5 . 41 50 . 8 Thermal 111 | . 20 2 13 . 25 49 1 1 Explosive 5 | . . 1 . . 4 . . . Electromagnetic 23 | . 23 . . . . . . . Robot Hit Streak 17 | . 10 5 5 . 8 17 . 4 Robot Miss Streak 4 | . 3 . 2 . 3 2 1 4 Penetration Max 1 | . . . . . . 1 . . Secondary Targets 2 | . . . . . . 1 . 1 Max Gunslinging Chain 1 | . . . . . . 1 . 1 Shots Hit Robots 342 | . 42 4 72 22 60 113 7 22 Core Hits 139 | . 19 3 28 12 27 38 4 8 Critical Kills . | . . . . . . . . . Critical Parts Destroyed 3 | . . . . . 1 2 . . Critical Strikes 16 | . 1 . 6 . 2 5 1 1 Burn 3 | . 1 . 1 . . 1 . . Destroy 3 | . . . . . 1 2 . . Sever 10 | . . . 5 . 1 2 1 1 Melee Attacks 267 | . . . 77 47 28 69 27 19 Impact . | . . . . . . . . . Slashing 267 | . . . 77 47 28 69 27 19 Piercing . | . . . . . . . . . Sneak Attacks 24 | . . . 12 3 . 8 1 . Combat Hostiles . | . . . . . . . . . Follow-up Attacks 19 | . . . 6 5 2 6 . . Damage Inflicted 9784 | . 741 51 2522 803 1735 3105 256 571 Guns 2376 | . 354 50 172 . 453 1256 . 91 Cannons 921 | . 339 . . . 253 329 . . Explosions 478 | . 42 . . . 436 . . . Melee 5998 | . . . 2350 803 593 1520 256 476 Ramming 11 | . 6 1 . . . . . 4 Kinetic 1639 | . 198 26 49 . 453 822 . 91 Thermal 1361 | . 198 24 123 . 253 763 . . Explosive 436 | . . . . . 436 . . . Electromagnetic 339 | . 339 . . . . . . . Impact . | . . . . . . . . . Slashing 5998 | . . . 2350 803 593 1520 256 476 Piercing . | . . . . . . . . . Highest Corruption 17 | . . . 1 1 . . . 17 Average Corruption 2 | . . . 1 1 . . . 14 Corruption Purged . | . . . . . . . . . Corruption Blocked . | . . . . . . . . . Effects 28 | . . . 6 9 . . . 13 Message Errors 6 | . . . 1 2 . . . 3 Matter Fused 8 | . . . 2 3 . . . 3 Heat Flow Errors 3 | . . . . . . . . 3 Energy Discharges 4 | . . . 1 2 . . . 1 Parts Rejected 1 | . . . 1 . . . . . Data Loss (minor) 3 | . . . 1 1 . . . 1 Data Loss (major) 1 | . . . . 1 . . . . Misdirections 1 | . . . . . . . . 1 Weapon Failures 1 | . . . . . . . . 1 Overload Shots . | . . . . . . . . . Overflow Damage 402 | . . . 142 36 4 192 28 . Projectiles . | . . . . . . . . . Explosions . | . . . . . . . . . Melee 402 | . . . 142 36 4 192 28 . Knockbacks . | . . . . . . . . . Impact . | . . . . . . . . . Kinetic . | . . . . . . . . . Secondary . | . . . . . . . . . Self-Inflicted Damage 2 | . . . . . . . . 2 Shots . | . . . . . . . . . Rammed 1 | . . . . . . . . 1 Targets Rammed 3 | . 1 1 . . . . . 1 Kicked 2 | . 1 1 . . . . . . Crushed . | . . . . . . . . . Highest Temperature 284 | . 196 6 139 . 171 198 8 284 Average Temperature 63 | . 71 3 46 . 65 54 6 109 Received Heat Transfer 2184 | . 135 . 468 105 351 495 36 594 Siege Activations . | . . . . . . . . . Robots Corrupted . | . . . . . . . . . Combat Hostiles . | . . . . . . . . . Parts Fried 3 | . 3 . . . . . . . Impact Corruptions . | . . . . . . . . . Robots Melted . | . . . . . . . . . Combat Hostiles . | . . . . . . . . . Parts Melted 1 | . . . . . . 1 . . Heat Transferred 2826 | . 495 74 444 . 407 1406 . . Parts Sabotaged . | . . . . . . . . . Parts Stolen . | . . . . . . . . . Parts Stripped . | . . . . . . . . . Power Chain Reactions 1 | . 1 . . . . . . . Missiles Intercepted . | . . . . . . . . . Alert | -11 -10 -10 -9 -9 -8 -8 -7 -7 ------- Run | Jun Mat Min Mat Min Mat Sto Fac Low Peak Influence 449 | . 183 33 264 237 205 449 327 . Initial 203 | . . 27 8 4 23 86 203 . Average 132 | . 85 29 137 61 69 297 210 . Maximum Alert Level 2 | . . . 1 1 1 2 1 . Low Security (%) 75 | . 100 100 82 99 96 11 37 . Level 1 21 | . . . 17 . 3 71 62 . Level 2 3 | . . . . . . 16 . . Level 3 . | . . . . . . . . . Level 4 . | . . . . . . . . . Level 5 . | . . . . . . . . . High Security . | . . . . . . . . . Max Security . | . . . . . . . . . Squads Dispatched 15 | . 3 . 2 . 1 6 3 . Investigation 7 | . 2 . 2 . 1 1 1 . Extermination 2 | . . . . . . . 2 . Reinforcement 3 | . 1 . . . . 2 . . Assault . | . . . . . . . . . Garrison 3 | . . . . . . 3 . . Intercept . | . . . . . . . . . Searches Triggered . | . . . . . . . . . Construction Impeded . | . . . . . . . . . Haulers Reinforced . | . . . . . . . . . Active Scanning Responses . | . . . . . . . . . Cargo Convoy Interrupts . | . . . . . . . . . Stealth | -11 -10 -10 -9 -9 -8 -8 -7 -7 --------- Run | Jun Mat Min Mat Min Mat Sto Fac Low Distress Signals 13 | . . . 2 . 4 6 1 . Communications Jammed . | . . . . . . . . . Distress Signals . | . . . . . . . . . Times Spotted 168 | . 25 3 27 19 33 39 6 16 Peak Tracking Total 8 | . 4 3 5 6 6 4 2 8 Tactical Retreats 17 | . 2 . 1 4 2 4 1 3 Traps | -11 -10 -10 -9 -9 -8 -8 -7 -7 ------- Run | Jun Mat Min Mat Min Mat Sto Fac Low Traps Triggered 3 | . 2 . 1 . . . . . Indirectly . | . . . . . . . . . Trap Hack Attempts . | . . . . . . . . . Triggered . | . . . . . . . . . Disarmed . | . . . . . . . . . Reprogrammed . | . . . . . . . . . Reused . | . . . . . . . . . Traps Extracted . | . . . . . . . . . Installed . | . . . . . . . . . Triggered 1 | . . . . . . . . 1 Machines | -11 -10 -10 -9 -9 -8 -8 -7 -7 ---------- Run | Jun Mat Min Mat Min Mat Sto Fac Low Machines Disabled 6 | . 2 . . . . 4 . . Max in Single Turn 1 | . 1 . . . . 1 . . Machines Repaired . | . . . . . . . . . Machines Sabotaged . | . . . . . . . . . Overloaded Fab Kills . | . . . . . . . . . Hacking | -11 -10 -10 -9 -9 -8 -8 -7 -7 --------- Run | Jun Mat Min Mat Min Mat Sto Fac Low Machines Accessed 39 | . 7 . 6 . 11 9 6 . Terminals 23 | . 4 . 4 . 6 6 3 . Fabricators 2 | . . . . . . . 2 . Repair Stations 3 | . 1 . . . 1 1 . . Recycling Units 8 | . 2 . 1 . 2 2 1 . Scanalyzers 3 | . . . 1 . 2 . . . Garrison Access . | . . . . . . . . . Total Hacks 123 | . 20 . 17 . 40 28 18 . Successful 70 | . 11 . 9 . 27 11 12 . Failed 52 | . 8 . 8 . 13 17 6 . Catastrophic 7 | . 2 . 1 . . 4 . . Database Lockouts 1 | . 1 . . . . . . . Manual 56 | . 12 . 8 . 17 10 9 . Terminals 75 | . 12 . 11 . 20 22 10 . Fabricators 5 | . . . . . . . 5 . Repair Stations 7 | . 1 . . . 4 2 . . Recycling Units 23 | . 7 . 2 . 7 4 3 . Scanalyzers 13 | . . . 4 . 9 . . . Garrison Access . | . . . . . . . . . Terminal Hacks 33 | . 6 . 5 . 9 7 6 . Robot Analysis 3 | . 2 . . . 1 . . . Prototype ID Bank 4 | . 1 . 1 . 1 1 . . Open Door 2 | . . . . . . 2 . . Branch Access Points 3 | . . . 1 . 1 . 1 . Emergency Access Points 1 | . . . . . . 1 . . Terminal Index 4 | . . . 1 . 1 1 1 . Alert Level 1 | . . . . . 1 . . . Unreport Threat 1 | . . . 1 . . . . . Locate Traps 6 | . 1 . 1 . 1 1 2 . Recall Extermination 1 | . . . . . . . 1 . Hauler Manifests 2 | . . . . . 1 1 . . Zone Layout 5 | . 2 . . . 2 . 1 . Fabricator Hacks 2 | . . . . . . . 2 . Load Schematic 1 | . . . . . . . 1 . Build 1 | . . . . . . . 1 . Repair Station Hacks 6 | . . . . . 4 2 . . Scan Component 3 | . . . . . 2 1 . . Repair 3 | . . . . . 2 1 . . Recycling Unit Hacks 2 | . . . . . . 1 1 . Retrieve Components 2 | . . . . . . 1 1 . Scanalyzer 11 | . . . 4 . 7 . . . Insert Component 5 | . . . 2 . 3 . . . Analyze 6 | . . . 2 . 4 . . . Garrison Access Hacks . | . . . . . . . . . Unauthorized Hacks 16 | . 5 . . . 7 1 3 . Terminals 6 | . 1 . . . 3 1 1 . Assimilate 1 | . . . . . 1 . . . Botnet 5 | . 1 . . . 2 1 1 . Fabricators . | . . . . . . . . . Repair Stations 1 | . 1 . . . . . . . Mechanics 1 | . 1 . . . . . . . Recycling Units 9 | . 3 . . . 4 . 2 . Reject 4 | . 1 . . . 2 . 1 . Mask 5 | . 2 . . . 2 . 1 . Scanalyzers . | . . . . . . . . . Garrison Access . | . . . . . . . . . Data Cores Recovered . | . . . . . . . . . Used . | . . . . . . . . . Hacking Detections 36 | . 6 . 6 . 11 8 5 . Full Trace Events 6 | . . . 1 . 3 1 1 . Feedback Events 1 | . . . 1 . . . . . Corruption 1 | . . . 1 . . . . . Feedback Blocked . | . . . . . . . . . Robot Schematics Acquired . | . . . . . . . . . Robots Built . | . . . . . . . . . Authchips . | . . . . . . . . . Time . | . . . . . . . . . Total Robot Build Rating . | . . . . . . . . . Part Schematics Acquired 2 | . . . . . 2 . . . Parts Built 1 | . . . . . . . 1 . Authchips . | . . . . . . . . . Time 73 | . . . . . . . 73 . Total Part Build Rating 3 | . . . . . . . 3 . Parts Repaired 3 | . . . . . 2 1 . . Time 98 | . . . . . 76 22 . . Parts Recycled . | . . . . . . . . . Recycled Matter . | . . . . . . . . . Retrieved Matter . | . . . . . . . . . Retrieved Components 11 | . . . . . . 9 2 . Parts Scanalyzed 4 | . . . 1 . 3 . . . Part Schematics Acquired 2 | . . . . . 2 . . . Parts Damaged 1 | . . . . . 1 . . . Bothacking | -11 -10 -10 -9 -9 -8 -8 -7 -7 ------------ Run | Jun Mat Min Mat Min Mat Sto Fac Low Used RIF Installer . | . . . . . . . . . Robots Hacked . | . . . . . . . . . Non-combat . | . . . . . . . . . Combat . | . . . . . . . . . Robot Hacks Applied . | . . . . . . . . . Relay Couplers Released . | . . . . . . . . . Fabnet Peak Effective % . | . . . . . . . . . Robots Rewired . | . . . . . . . . . Allies Hacked 2 | . . . . . . . . 2 Hacks Repelled . | . . . . . . . . . Allies | -11 -10 -10 -9 -9 -8 -8 -7 -7 -------- Run | Jun Mat Min Mat Min Mat Sto Fac Low Total Allies 4 | . . . . . 1 . . 3 Largest Group 3 | . . . . . 1 . . 3 Highest-Rated Group 213 | . . . . . 10 . . 213 Highest-Rated Ally 165 | . . . . . 10 . . 165 Total Orders 18 | . . . . . 1 13 2 2 ROAM 1 | . . . . . 1 . . . EXPLORE 13 | . . . . . . 10 1 2 RETURN 4 | . . . . . . 3 1 . Ally Attacks 17 | . . . . . . . . 17 Total Damage 325 | . . . . . . . . 325 Kills 3 | . . . . . . . . 3 Allies Corrupted . | . . . . . . . . . Allies Melted . | . . . . . . . . . Intel | -11 -10 -10 -9 -9 -8 -8 -7 -7 ------- Run | Jun Mat Min Mat Min Mat Sto Fac Low Robot Analysis Total 3 | . 2 . . . 1 . . . Derelict Logs Recovered 1 | . . . . 1 . . . . Drone Launches 16 | . . . . . . 12 2 2 Drone Recoveries 11 | . . . . . . 9 1 1 Exploration | -11 -10 -10 -9 -9 -8 -8 -7 -7 ------------- Run | Jun Mat Min Mat Min Mat Sto Fac Low Turns Passed 8946 | . 1384 251 1383 1151 2234 1568 643 332 Spaces Moved 4397 | 1 746 126 545 545 978 737 437 282 Core 175 | . . . . . . 1 . 174 Treads 277 | . . . . . . 277 . . Legs 3025 | 1 746 126 530 545 943 134 . . Wheels 430 | . . . 15 . 35 318 . 62 Hover . | . . . . . . . . . Flight 490 | . . . . . . 7 437 46 Fastest Speed 50 | 120 120 190 125 190 125 100 96 50 Average Speed 163 | 120 164 190 188 190 184 146 117 87 Slowest Speed 700 | 120 260 190 190 190 260 700 166 500 Overloaded Moves . | . . . . . . . . . Propulsion Burnouts . | . . . . . . . . . Robots Hopped . | . . . . . . . . . Cave-ins Triggered . | . . . . . . . . . Exploration Rate (%) 49 | 2 88 26 36 94 63 94 18 28 Regions Visited 8 Branch Regions 4 Pre-discovered Areas 1 | . . . . 1 . . . . Known Exits Taken 4 | . . . 1 . 1 1 1 . Unknown Exits Taken 4 | 1 1 1 . 1 . . . . Scrap Searched 3 | . . . . 2 . . . 1 Spaces Dug 51 | . . 6 6 13 5 5 15 1 Terrain Destroyed 102 | . 2 6 6 13 50 9 15 1 Melee 45 | . . . 6 13 5 5 15 1 Projectile 8 | . . . . . 4 4 . . AOE 49 | . 2 6 . . 41 . . . Terrain Rammed . | . . . . . . . . . Walls Destroyed . | . . . . . . . . . Machines Disabled . | . . . . . . . . . Actions | -11 -10 -10 -9 -9 -8 -8 -7 -7 --------- Run | Jun Mat Min Mat Min Mat Sto Fac Low Total 5548 | . 834 131 783 604 1305 1032 527 332 Wait 474 | . 31 . 94 19 181 107 34 8 Move 4389 | . 745 125 544 544 977 736 436 282 Hop . | . . . . . . . . . Pick Up 82 | . 12 . 24 1 21 17 7 . Fast Attach 15 | . 1 . 4 . 2 3 1 4 Attach 41 | . 2 . 9 . 11 9 5 5 Detach 3 | . . . . . . 1 2 . Swap 83 | . 5 2 13 1 24 27 7 4 Drop 65 | . 4 . 18 2 18 15 7 1 Fire 156 | . 33 3 9 . 49 56 1 5 Melee 234 | . . . 68 37 22 61 27 19 Ram 1 | . . . . . . . . 1 Kick 2 | . 1 1 . . . . . . Crush . | . . . . . . . . . Escape Stasis . | . . . . . . . . . Rewire 3 | . . . . . . . . 3 Trap . | . . . . . . . . . Miscellaneous . | . . . . . . . . . Route ------- -11/Junkyard -10/Materials (discovered 4 exits: *Mat x2 / [*Min x2]) -10/Mines -9/Materials (discovered 2 exits: *Mat / *Min) -9/Mines (discovered 2 exits: *Mat x2) -8/Materials (discovered 3 exits: *Fac x2 / *Sto) -8/Storage -7/Factory (discovered 2 exits: *Low x2) -7/Lower Caves History --------- Turn | Location | Event 1 | -11/Junkyard | Discovered new exit (range 0) 1 | -11/Junkyard | Entered Materials 162 | -10/Materials | Discovered new exit (range 16) 252 | -10/Materials | Discovered new exit (range 8) 296 | -10/Materials | Discovered new exit (range 7) 306 | -10/Materials | Build established: Mutant 569 | -10/Materials | Central database locked down 973 | -10/Materials | Discovered new exit (range 15) 1385 | -10/Materials | Entered Mines 1413 | -10/Mines | Assembled infested the area 1418 | -10/Mines | Assisted by a Guerilla fighting off Assembled 1615 | -10/Mines | Discovered new exit (range 8) 1636 | -10/Mines | Entered Materials 1636 | -9/Materials | Evolved 2 slots: Utility x2 2026 | -9/Materials | Core integrity fell below 50% 2070 | -9/Materials | Lost 5 parts (1n4u) 2398 | -9/Materials | Build established: Scavenger-Mutant 2422 | -9/Materials | Identified exit to Mines 2434 | -9/Materials | Discovered new exit (range 16) 2812 | -9/Materials | Core integrity fell below 20% 3019 | -9/Materials | Entered Mines 3019 | -9/Mines | Discovered new exit (range 12) 3020 | -9/Mines | Learned location of Storage (-8) 3281 | -9/Mines | Found a hidden stash of uninstalled traps 3943 | -9/Mines | Discovered new exit (range 15) 4025 | -9/Mines | Received a Rocket Launcher from a helpful Derelict 4170 | -9/Mines | Entered Materials 4170 | -8/Materials | Evolved 2 slots: Utility x2 4171 | -8/Materials | Identified exit to Storage 4548 | -8/Materials | Lost 3 parts (2n1u) 4644 | -8/Materials | Discovered new exit (range 12) 5092 | -8/Materials | Repaired Katana 5132 | -8/Materials | Repaired Katana 5766 | -8/Materials | Identified exit to Factory 6147 | -8/Materials | Discovered exit to Factory (range 11) 6404 | -8/Materials | Entered Storage 6793 | -8/Storage | Garrison activated, responded to threat 6872 | -8/Storage | Core integrity fell below 50% 6911 | -8/Storage | Lost 3 parts (2n1w) 7390 | -8/Storage | Build established: Mutant 7825 | -8/Storage | Discovered exit to Factory (range 25) 7849 | -8/Storage | Repaired Gauss Rifle 7945 | -8/Storage | Build established: Scavenger-Mutant 7972 | -8/Storage | Entered Factory 7972 | -7/Factory | Evolved 2 slots: Propulsion x2 8062 | -7/Factory | Fabricated Hacking Suite? 8377 | -7/Factory | Build established: Hacker-Mutant 8377 | -7/Factory | Identified exit to Lower Caves 8615 | -7/Factory | Entered Lower Caves 8671 | -7/Lower Caves | Attracted the attention of an 0b10 outpost 8708 | -7/Lower Caves | System corruption reached 10% 8736 | -7/Lower Caves | Spotted B-75 Beast 8748 | -7/Lower Caves | Lost 10 parts (1p2n6u1w) 8788 | -7/Lower Caves | Attracted the attention of an 0b10 checkpoint 8805 | -7/Lower Caves | Core integrity fell below 50% 8823 | -7/Lower Caves | Released all parts (1) 8836 | -7/Lower Caves | Core integrity fell below 20% 8839 | -7/Lower Caves | Lost 6 parts (3n1u2w) 8847 | -7/Lower Caves | ME-RLN showed up to help 8947 | -7/Lower Caves | Destroyed by G-47 Trooper with Particle Gun Last Messages --------------- A strange signal echoes through the caves. ME-RLN: "I heard there was danger around here, I'd suggest staying clear until it cools off." 08850_ System corrupted: Matter fused (-5). 08866_ System corrupted: Component data lost. 08883_ Searching scrap... 08883_ Found Trap Scanner. 08883_ Found Flak Gun. 08883_ Found 29 Matter. 08884_ Acquired 29 matter. 08884_ Acquired Trap Scanner. 08893_ Acquired Unknown Storage. 08893_ Identified Com. Battery. 08894_ Acquired 34 matter. 08907_ RZB %LNV%FY3OYP#6PGI6% F CCQNG|TJ5HFF 08917_ Slammed into L-41 Fighter. 08917_ L-41 Fighter destroyed. [Achievement: Fist Fight] 08931_ System corrupted: Matter fused (-7). 08935_ G-47 Trooper destroyed. Map ----- +----------------------------------------------------+ | ?????????????????????????????????????????????????? | | ?????????????????????????????????????????????????? | | ?????????????????????????????????????????????????? | | ?????????????????????????????????????????????????? | | ?????????????????????????????????????????????????? | | ?????????????????????????????????????????????????? | | ?????????????????????????????????????????????????? | | ?????????????????????????????????????????????????? | | ?????????????????????????????????????????????????? | | ?????????????????????????????????????????????????? | | ?????????????????????????????????????????????????? | | ?????????????????????????????????????????????????? | | ?????????????????????????????????????????????????? | | ?????????????????????????????????????????????????? | | ?????????????????????????????????????????????????? | | ?????????????????????????????????????????????????? | | ?????????????????????????????????????????????????? | | ?????????????????????????????????????????????????? | | ????????????????????????????????###??????????????? | | ????????????????????????????#### ###??? ???????? | | ?????????????????????????#### #?? ???????? | | ????????????????????????## #?? ???????? | | ????????????????????????# #???# ???????? | | ???????????????????????## g## ##??# ???????? | | ???????????????????????# #### ##?# ???????? | | ???????????????????????# @##?## ### #??????? | | ???????????????????????###;###%= ## #??????? | | ?????????????????????????# ! ## #?????# | | ?????????????????????????# ### ## ####?? | | ?????????????????????????#!#?# ##? ### # #?? | | ?????????????????????????#%### #???##?# #?? # | | ????????????????????????##=# #??????## #?? # | | ????????????????????????# * #???#### # ### # | | ????????????????????????# #???# # | | ????????????????????????# ##### # # | | ????????????????????????## #### | | ?????????????????????????#####% #### #??### | | ?????????????????????????????### ### ####?## | | ???????????????????????????????# [ #??# # | | ???????????????????????????????####### #?# # | | ?????????????????????????????????????# # ## ### ## | | ?????????????????????????????????????## ?#?###? | | ???????????????????????????????????????#####?????? | | ?????????????????????????????????????????????????? | | ?????????????????????????????????????????????????? | | ?????????????????????????????????????????????????? | | ?????????????????????????????????????????????????? | | ?????????????????????????????????????????????????? | | ?????????????????????????????????????????????????? | | ?????????????????????????????????????????????????? | +----------------------------------------------------+ Best States ------------- Heat Dissipation 48 Coolant Potential 50 Energy Generation 16 Energy Capacity 300 Matter Stores 300 Matter Capacity 300 Sight Range 18 Robot Scan Range 15 Terrain Scan Density 10 Armor Coverage 300 Resistance: TH 10 Resistance: EM 15 Melee Speed Boost 20 Evasion (%) 55 Targeting Accuracy 8 Melee Accuracy 5 Recoil Reduction 2 Offensive Hacking 30 Item Schematics ----------------- Cooling System | -8/Materials | Scanalyzed Hacking Suite | -8/Materials | Scanalyzed Robot Schematics ------------------ None Fabricated ------------ Hacking Suite | x1 | -7/Factory Alien Tech Used ----------------- None Achievements -------------- Fist Fight Challenges ------------ None Game ------ Seed SalvageEfficiencyArmor Manual? 0 Play Time 01:54:47 Cumulative 147.6 hours Start 2023.10.29 @ 20:23:50 End 2023.10.29 @ 22:20:45 Sessions 1 Manual Loads 0 Difficulty Rogue Special Mode None Game No. 106 Rogue 101 Adventurer 0 Explorer 5 Win Type - Total 2 Types 2/0/0/0/0/0/0/0/0 Lore% 58 Gallery% 67 Achievement% 48 Wizard Run 0 Options --------- ASCII 0 Keyboard 0 Movement Arrows Keybinds 1 Fullscreen 1 Font 18/TerminusBold Map View 76x50 Tactical HUD 1 Map Filters NONE Filters NONE Steam 1 RUN: 84d72fef-1618-4a2d-8210-bc84a1208038